 Dungeon Crawl Stone Soup version 0.27-a0-124-g19cb506db8 (webtiles) character file.

Game seed: 12083989691664135562

57 kae the Ruffian (level 3, -2/29 HPs)
             Began as a Draconian Transmuter on Jan 26, 2021.
             Slain by an orc
             ... wielding a +0 club
              (5 damage)
             ... on level 3 of the Dungeon.
             The game lasted 00:00:55 (2514 turns).

kae the Ruffian (Draconian Transmuter)              Turns: 2514, Time: 00:00:56

Health: -2/29      AC:  2    Str: 13    XL:     3   Next: 73%
Magic:  4/6        EV: 20    Int: 13    God:
Gold:   154        SH:  0    Dex: 16    Spells: 2/6 levels left

rFire    . . .     SeeInvis .     - Unarmed
rCold    . . .     Faith    .   (shield currently unavailable)
rNeg     . . .     Spirit   .   (armour unavailable)
rPois    x         Reflect  .   (helmet currently unavailable)
rElec    .         Harm     .   (cloak currently unavailable)
rCorr    .         Rampage  .   (gloves currently unavailable)
Will     .....                  (boots currently unavailable)
Stlth    +.........             (no amulet)
HPRegen  0.09/turn              (no ring)
MPRegen  0.10/turn              (no ring)

@: spider-form (expiring)
A: tiny, unfitting armour, AC +5
a: End Transformation


You were on level 3 of the Dungeon.
You were a venomous arachnid creature.
You visited 1 branch of the dungeon, and saw 3 of its levels.

You collected 154 gold pieces.

Inventory:

Jewellery
 e - an uncursed ring of protection from fire {unknown}
Scrolls
 b - 2 scrolls of fog {unknown}
 c - a scroll of immolation {unknown}
 f - 2 scrolls of identify {unknown}
 h - a scroll of enchant weapon {unknown}
 i - a scroll of fear {unknown}
 j - a scroll of amnesia {unknown}
 l - a scroll of blinking {unknown}
 m - a scroll of teleportation {unknown}
 n - a scroll of remove curse {unknown}
Potions
 a - 3 potions of haste {unknown}
 d - a potion of cancellation {unknown}
 g - a potion of curing {unknown}
 k - 3 potions of heal wounds {unknown}


   Skills:
 - Level 1.7 Fighting
 - Level 2.1 Dodging
 - Level 3.5 Unarmed Combat
 - Level 2.2 Spellcasting
 + Level 2.6 Transmutations
 + Level 0.8 Poison Magic


You had 2 spell levels left.
You knew the following spells:

 Your Spells              Type           Power        Failure   Level
a - Beastly Appendage     Tmut           16%          22%         1
b - Spider Form           Tmut/Pois      2%           58%         3

Your spell library contained the following spells:

 Spells                   Type           Power        Failure   Level
 Wereblood                Tmut           8%           30%         2
 Ice Form                 Ice/Tmut       4%           93%         4
 Blade Hands              Tmut           4%           98%         5


Dungeon Overview and Level Annotations

Branches:
Dungeon (3/15)

Altars:


Innate Abilities, Weirdness & Mutations

((Your plain brown scales are hard. (AC +5)))
You cannot fit into any form of body armour.
((You are cold-blooded and may be slowed by cold attacks.))


Message History

The orc is heavily wounded.
The orc hits you with a +0 mace!
* * * LOW HITPOINT WARNING * * *
You hit the orc.
You kill the orc!
You hit the orc.
The orc is poisoned.
The orc is heavily wounded.
You hit the orc.
You kill the orc!
The orc throws a boomerang.
The boomerang closely misses you. The orc barely misses you.
Things that are here:
a +0 club; a +0 mace; a +0 chain mail You hit the orc.
The orc is poisoned.
The orc is lightly wounded.
The orc closely misses you.
You hit the orc.
The orc is severely wounded.
The orc hits you with a +0 club.
You die...

#..#..#...#..#..#.#
...#...#.#...#...##
†.........†.......#
.......###.....## .
#.....#.#.#....# ..
.#...#..#..#...# ..
..#.#...#...#..# ##.#
##############.#####...#
...# #..soo..# ##.#
..#####w### #.#
........# #.# .#.....o##
#)#### #...####oo#
##....####...# ##o.....#
#.....#.....## .....##
#............. .......
#.......##.### .######


You could see a worm and 2 orcs.

Vanquished Creatures
  An ooze (D:1)
  A worm (D:2)
  2 dart slugs (D:3)
  2 leopard geckos
  2 orcs (D:3)
  4 bats (D:1)
  4 giant cockroaches
  3 goblins
  6 hobgoblins
  3 jackals (D:2)
  4 kobolds
  5 rats
37 creatures vanquished.

Notes
Turn   | Place    | Note
-------+----------+-------------------------------------------
     0 | D:1      | kae the Draconian Transmuter began the quest for the Orb.
     0 | D:1      | Reached XP level 1. HP: 16/16 MP: 3/3
   115 | D:1      | Reached XP level 2. HP: 16/23 MP: 3/5
  1326 | D:2      | Reached XP level 3. HP: 29/29 MP: 4/6
  1330 | D:2      | Learned a level 3 spell: Spider Form
  2514 | D:3      | Slain by an orc

Illustrated notes

Levels and vault maps discovered:
D:1:      tarquinn_simple_flora_water_d, layout_basic, dk_noncrumbling_4
D:2:      layout_loops_ring
D:3:      layout_rooms, hangedman_decor_diamond_cutter, grunt_ministairs_3,
          skrybe_limestone_x, minmay_shallow_snake_nest

Skill      XL: |  1  2 |
---------------+-------+-----
Dodging        | 2 |  2.1
Fighting       | |  1.7
Unarmed Combat | |  3.5
Spellcasting   | |  2.2
Transmutations | |  2.6
Poison Magic   | |  0.8

Action                   || total
-------------------------++-------
Melee: Unarmed           ||   129
       Tailslap          ||    10
       Kick              ||    12
       Headbutt          ||    10
 Cast: Beastly Appendage ||    28
       Spider Form       ||     2
 Stab: Sleeping          ||     1
Armor: Skin              ||    36
Dodge: Dodged            ||    95

Table legend: (Time is in decaauts)
 A = Elapsed time spent in this place.
 B = Non-inter-level travel time spent in this place.
 C = Inter-level travel time spent in this place.
 D = Time resting spent in this place.
 E = Time spent auto-exploring this place.
 F = Levels seen in this place.
 G = Mean time per level.
                   A        B        C        D        E       F      G
               +--------+--------+--------+--------+--------+-----+--------+
         Total |   2504 |   2445 |     59 |      0 |   2121 |   3 |  834.7 |
       Dungeon |   2504 |   2445 |     59 |      0 |   2121 |   3 |  834.7 |
               +--------+--------+--------+--------+--------+-----+--------+

Top non-repeatable levels by time:
     D:1: 1166 daAuts
     D:2: 1086 daAuts
     D:3: 251 daAuts
